Unix NetHack Version 5.0.0-0 post-release - last build May  4 2026 22:22:43 (774f63e81ad911689b3a0859ea89b322d5daca8d,branch:main).

Game began 2026-05-10 03:08:01, ended 2026-05-10 03:35:02.

Brudee, chaotic male human Monk

                                                 -------------
                                                 ...........`|
                                                 |...{.-----.|      ----
                                                 |.|.... ..[.|     |...|
                                                 |.---.| .[---    --.|.| -.---
                                                 |.%...| .%..|   |...|.| |...|
                                       ----------|%----- ..|.|  --.--|.---.|.|
                                       |.........|...    ..|.|  ...| |.....|*|
                                       |....[....|[-------.|.|  --.|.-------.|
                                    1  -..).'@...|.....|...|.| |...|.........|
                                    1  |.........|--.---.--|.|--.--|.---------
                                       |.........|.1.|...| |*|...| |.|*....|.|
                                       ---------------.--  |.|.--  |.|.....-.|
                                                   ....|   |...|   |.|.....|.|
                                                   |.-.|   ----    |.------|.|
                                                   |...|           |.......|.|
                                                   |.---            ------*|.|
                                                   |.|                   ...*|
                                                   ---                    ---
Brudee the Initiate             St:18/01 Dx:13 Co:13 In:9 Wi:13 Ch:9  Chaotic
Dlvl:10 $:132 HP:0(53) Pw:46(46) AC:4  Xp:8/1650 T:2098 

Latest messages:
 The bamboo arrow hits the gnome mummy!
 The gnome mummy is hit by a dart!
 In what direction? h
 The bamboo arrow misses the gnome mummy.
 The vampire bat bites!
 The vampire bat bites again!
 The vampire bat bites!
 The vampire bat bites again!
 The gnome mummy hits!
 The vampire bat bites!
 The vampire bat misses!
 What do you want to wield? [- lnBDJLTU or ?*] -
 You are empty handed.
 The vampire bat bites!
 The vampire bat bites again!
 The gnome mummy hits!
 You begin striking monsters with your gloved hands.
 You hit the vampire bat!
 You kill the vampire bat!
 The seemingly dead vampire bat suddenly transforms and rises as a vampire!
 The vampire hits!
 The vampire bites!
 You hit the vampire!
 The vampire hits!
 The vampire bites!
 You hit the vampire!
 The gold golem is almost hit by a dart!
 The vampire hits!
 The vampire bites!
 You hit the vampire!
 What do you want to drink? [jANRXY or ?*] ?
 You feel better.
 Your movements are now unencumbered.
 The vampire hits!
 The vampire bites!
 The gnome mummy hits!
 You hit the vampire!
 You destroy the vampire!
 The gnome mummy hits!
 You destroy the gnome mummy!
 The gold golem hits!
 The gold golem hits again!
 You hit the gold golem!
 You hit the gold golem!
 You hit the gold golem!
 The gold golem hits!
 The gold golem hits again!
 You die...
 Do you want your possessions identified? [ynq] (y) y
 Do you want to see your attributes? [ynq] (y) q

Inventory:
 Coins    ('$')
  $ - 132 gold pieces
 Weapons  (')')
  J - 24 +0 arrows
  T - 6 cursed -1 arrows
  U - 4 blessed +0 ya (in quiver)
  n - a +0 elven bow
  D - a +0 boomerang
  l - 7 +0 darts
  B - a +0 elven dagger
 Armor    ('[')
  a - an uncursed +2 pair of leather gloves (being worn)
  b - an uncursed +1 robe (being worn)
 Comestibles  ('%')
  g - 5 uncursed apples
  f - 6 uncursed food rations
  O - 3 uncursed fortune cookies
  h - 4 uncursed oranges
  K - 2 uncursed tripe rations
  s - an uncursed egg
 Scrolls  ('?')
  V - 2 uncursed scrolls of blank paper
 Spellbooks  ('+')
  W - an uncursed spellbook of extra healing
 Potions  ('!')
  A - a cursed potion of booze
  N - an uncursed potion of extra healing
  X - an uncursed potion of hallucination
  j - an uncursed potion of levitation
  R - an uncursed potion of paralysis
 Rings    ('=')
  Z - a cursed ring of polymorph
 Wands    ('/')
  v - a wand of cancellation (0:2)
  H - a wand of digging (0:3)
  o - a wand of fire (0:3)
  u - a blessed wand of secret door detection (0:14)
 Tools    ('(')
  i - an uncursed bag of holding containing 19 items
  S - an empty uncursed sack
  k - an uncursed lock pick
  G - a cursed magic whistle
  L - a +0 pick-axe
  E - an uncursed stethoscope
 Gems/Stones  ('*')
  M - 2 uncursed jacinth stones
  F - an uncursed jasper stone
  P - 2 uncursed worthless pieces of black glass
  C - an uncursed worthless piece of blue glass
  c - an uncursed worthless piece of red glass
  I - an uncursed worthless piece of white glass

Contents of the bag of holding:
  an uncursed scroll of confuse monster
  an uncursed scroll of enchant armor
  a blessed scroll of gold detection
  2 uncursed scrolls of identify
  an uncursed scroll of magic mapping
  2 uncursed scrolls of teleportation
  a cursed scroll of teleportation
  an uncursed spellbook of charm monster
  a cursed spellbook of fireball
  an uncursed spellbook of healing
  an uncursed spellbook of magic mapping
  a blessed spellbook of protection
  an uncursed spellbook of slow monster
  an uncursed potion of extra healing
  an uncursed potion of gain energy
  a blessed potion of object detection
  2 uncursed potions of water
  an uncursed stethoscope
  a cursed stethoscope

Brudee the Monk's attributes:

Background:
 You were an Initiate, a level 8 male human Monk.
 You were chaotic, on a mission for Huan Ti
 who was opposed by Shan Lai Ching (lawful) and Chih Sung-tzu (neutral).
 You were right-handed.
 You were in the Gnomish Mines, on level 10.
 You entered the dungeon 2098 turns ago.
 It was nighttime.
 You had 1650 experience points, 910 more were needed to attain level 9.

Basics:
 You had 0 out of 53 hit points.
 You had all 46 energy points (spell power).
 Your armor class was 4.
 Your wallet contained 132 zorkmids.
 Autopickup was on for '$"?+!=/' plus thrown.

Final Characteristics:
 Your strength was 18/01 (limit:18/100).
 Your dexterity was 13 (limit:18).
 Your constitution was 13 (limit:18).
 Your intelligence was 9 (limit:18).
 Your wisdom was 13 (limit:18).
 Your charisma was 9 (limit:18).

Final Status:
 You weren't hungry.
 You were unencumbered.
 You were empty handed.
 You were skilled in martial arts.

Final Attributes:
 You were piously aligned.
 You were sleep resistant.
 You were poison resistant.
 You saw invisible.
 You were warned.
 You were stealthy.
 You were guarded.
 Your spell casting was enhanced by wearing a robe.
 You were fast.
 You are dead.

Miscellaneous:
 You didn't encounter any bones levels.
 Total elapsed playing time was 27 minutes.

Major events:
 Turn
    1: Brudee the chaotic male human Monk entered the dungeon
  383: entered the Gnomish Mines
  402: attained the rank of Novice (level 3)
  673: reached Mine Town
  964: attained the rank of Initiate (level 6)
 2098: killed by a gold golem

Spells:
 Name                 Level Category     Fail Retention
 protection             1   clerical       0%  76%-100%

Skills:
 Fighting Skills
   martial arts       [Skilled]
 Weapon Skills
   quarterstaff       [Unskilled]
   spear              [Unskilled]
   crossbow           [Unskilled]
   shuriken           [Unskilled]
 Spellcasting Skills
   attack spells      [Unskilled]
   healing spells     [Basic]
   divination spells  [Unskilled]
   enchantment spells [Unskilled]
   clerical spells    [Unskilled]
   escape spells      [Unskilled]
   matter spells      [Unskilled]

Voluntary challenges:
 Character rerolling was not enabled.
 You followed a strict vegan diet.
 You never genocided any monsters.
 You never polymorphed an object.
 You never changed form.
 You used no wishes.
Achievements:
 You entered a shop.
 You entered the Gnomish Mines.
 You attained the rank of Novice.
 You entered Minetown.
 You attained the rank of Initiate.

 The Dungeons of Doom: levels 1 to 3
    Level 1:
       Some fountains.
    Level 2:
       A potion shop.
       Stairs down to The Gnomish Mines.
    Level 3:
 The Gnomish Mines: levels 3 to 10
    Level 3:
    Level 4:
    Level 5:
    Level 7:
    Level 8:
    Level 9:
    Level 10: <- You were here.
       A fountain.
       Final resting place for
          you, killed by a gold golem.


Vanquished creatures:
  a vampire leader
  a vampire
 an ettin mummy
  a dwarf ruler
  a wraith
 an amorous demon
  a dwarf mummy
  a gnome mummy
  3 Uruk-hai
  9 gnome leaders
  a gnomish wizard
  3 kobold mummies
  a gray ooze
  a paper golem
  a floating eye
 10 dwarves
  2 hobbits
  3 manes
  a hobgoblin
 35 gnomes
  a gnome zombie
  3 jackals
  2 sewer rats
  7 grid bugs
  a lichen
  4 newts
96 creatures vanquished.

No species were genocided or became extinct.

Game over:
                       ----------
                      /          \
                     /    REST    \
                    /      IN      \
                   /     PEACE      \
                  /                  \
                  |      Brudee      |
                  |      132 Au      |
                  | killed by a gold |
                  |      golem       |
                  |                  |
                  |                  |
                  |       2026       |
                 *|     *  *  *      | *
        _________)/\\_//(\/(/\)/\//\/|_)_______

Goodbye Brudee the Monk...

You died in The Gnomish Mines on dungeon level 10 with 7189 points,
and 132 pieces of gold, after 2098 moves.
You were level 8 with a maximum of 53 hit points when you died.

